 Dungeon Crawl Stone Soup version 0.18.1-8-gdd0e5ea (console) character file.

51676 Kloppie the Bludgeoner (level 14, -1/96 HPs)
             Began as a Gargoyle Berserker on June 7, 2016.
             Was the Champion of Trog.
             Slain by a death yak (12 damage)
             ... led by a torpor snail
             ... on level 7 of the Lair of Beasts.
             The game lasted 00:33:40 (14836 turns).

Kloppie the Bludgeoner (Gargoyle Berserker)        Turns: 14836, Time: 00:33:41

Health: -1/96      AC: 32    Str: 22    XL:     14   Next: 60%
Magic:  14/14      EV:  9    Int:  8    God:    Trog [******]
Gold:   1175       SH:  0    Dex: 13    Spells: 0 memorised, 13 levels left

rFire  . . .     SeeInvis .     M - +4 dire flail (pain)
rCold  + . .     Gourm    .     S - +1 chain mail {rC+}
rNeg   + . .     Faith    .     (shield currently unavailable)
rPois  ∞         Spirit   .     Q - +0 helmet
rElec  +         Dismiss  .     w - +2 cloak {rPois}
rCorr  +         Reflect  .     (no gloves)
SustAt +         Harm     .     N - +2 pair of boots
MR     +....     Clarity  +     (no amulet)
Stlth  ..........               s - ring of resist corrosion
                                H - ring of sustain attributes

@: exhausted, slowed, very slow, somewhat resistant to hostile enchantments,
extremely unstealthy
A: big wings, clarity, negative energy resistance 1, electricity resistance,
unbreathing, petrification resistance, rot immunity, AC +9
a: Fly, Berserk, Trog's Hand, Brothers in Arms, Burn Spellbooks, Renounce
Religion


You were on level 7 of the Lair of Beasts.
You worshipped Trog.
Trog was exalted by your worship.
You were not hungry.

You visited 2 branches of the dungeon, and saw 18 of its levels.
You also visited: Sewer and Ossuary.

You collected 1175 gold pieces.

Inventory:

Hand Weapons
 a - the +7 whip of the Yoke {drain, -Tele rF+++ MP+9 Int+2}
   (You found it on level 5 of the Dungeon)

   A truly terrible weapon, it drains the life of those it strikes.
   It affects your intelligence (+2).
   It renders you almost immune to fire.
   It affects your magic capacity (+9).
   It prevents most forms of teleportation.
 d - the +8 hunting sling of Rotation {freeze, MP+9, unknown}
   (You took it off a wight on level 4 of the Dungeon)

   It causes projectiles fired from it to freeze those they strike, causing
   extra injury to most foes and up to half again as much damage against
   particularly susceptible opponents.
   They can also slow down cold-blooded creatures.
   It affects your magic capacity (+9).
 u - a +3 great mace of protection
 M - a +4 dire flail of pain (weapon)
 U - a +0 morningstar of venom
Armour
 w - a +2 cloak of poison resistance (worn)
 N - a +2 pair of boots (worn)
 Q - a +0 helmet (worn)
 S - a +1 chain mail of cold resistance (worn)
Jewellery
 j - an uncursed ring of protection from fire
 s - a ring of resist corrosion (right hand)
 H - a ring of sustain attributes (left hand)
Wands
 b - a wand of paralysis (10/24)
 n - a wand of digging (9/24)
 z - a wand of paralysis (6/24)
 K - a wand of disintegration (10/24)
 O - a wand of random effects (27/48)
Scrolls
 g - 3 scrolls of fog
 h - 8 scrolls of remove curse
 m - 6 scrolls of enchant weapon
 p - 2 scrolls of recharging
 t - 4 scrolls of noise
 x - 6 scrolls of teleportation
 B - a scroll of enchant armour
 P - 2 scrolls of fear
 R - a scroll of identify
Potions
 e - 10 potions of curing {unknown}
 f - 4 potions of flight
 i - 2 potions of lignification
 k - 6 potions of agility
 r - 2 potions of invisibility
 v - 4 potions of degeneration
 C - 2 potions of haste {unknown}
 D - 2 potions of cure mutation {unknown}
 E - 3 potions of brilliance
 F - 2 potions of ambrosia
 I - 3 potions of resistance
 J - a potion of berserk rage
 L - 4 potions of might
Books
 G - a book of Geomancy

   Spells                             Type                      Level
   a - Sandblast                      Earth                        1
   b - Passwall                       Transmutation/Earth          2
   c - Stone Arrow                    Conjuration/Earth            3
   d - Petrify                        Transmutation/Earth          4
   e - Lee's Rapid Deconstruction     Earth                        5
   Trog disapproves of the use of such an item.
 T - a book of Clouds

   Spells                             Type                      Level
   a - Mephitic Cloud                 Conjuration/Poison/Air       3
   b - Conjure Flame                  Conjuration/Fire             3
   c - Poisonous Cloud                Conjuration/Poison/Air       6
   d - Freezing Cloud                 Conjuration/Ice/Air          6
   e - Ring of Flames                 Charms/Fire                  7
   Trog disapproves of the use of such an item.
 W - a book of the Dragon

   Spells                             Type                      Level
   a - Flame Tongue                   Conjuration/Fire             1
   b - Cause Fear                     Hexes                        4
   c - Bolt of Fire                   Conjuration/Fire             6
   d - Dragon Form                    Transmutation                7
   e - Dragon's Call                  Summoning                    9
   Trog disapproves of the use of such an item.
Comestibles
 c - 12 bread rations
 l - a beef jerky
 o - 3 slices of pizza
 q - 7 meat rations
 A - 8 fruits
 V - 9 chunks of flesh
 X - 10 royal jellies


   Skills:
 - Level 14.5 Fighting
 + Level 15.5 Maces & Flails
 - Level 14.2 Armour
 - Level 1.5 Dodging


You had 13 spell levels left.
You didn't know any spells.

Dungeon Overview and Level Annotations

Branches:
Dungeon (11/15)            Temple (0/1) D:5            Lair (7/8) D:11
 Shoals (0/4) Lair:6        Snake (0/4) Lair:3
  Slime: Lair:6-8       Orc: D:9-12

Altars:
Cheibriados
Fedhas
Kikubaaqudgha
Okawaru
Ru
Vehumet
Xom
Yredelemnul


Innate Abilities, Weirdness & Mutations

You are resistant to torment.
Your stone body is resilient (AC +9).
You are immune to poison.
Your large and strong wings let you fly indefinitely.
You resist negative energy.
You are resistant to electric shocks.
You can survive without breathing.
You are immune to petrification.
You are immune to rotting.
You possess an exceptional clarity of mind.


Message History

The death yak gores you but does no damage.
You hit the death yak but do no damage.
The death yak gores you but does no damage.
You hit the death yak.
The death yak is lightly wounded.
The death yak gores you but does no damage.
You hit the torpor snail but do no damage.
The death yak gores you!
* * * LOW HITPOINT WARNING * * *
The torpor snail bites you.
* * * LOW HITPOINT WARNING * * *
You hit the torpor snail.
The torpor snail is lightly wounded.
The death yak gores you!
* * * LOW HITPOINT WARNING * * *
You bludgeon the torpor snail!!
The torpor snail is heavily wounded.
The torpor snail bites you but does no damage.
The death yak gores you!
You die...

*,**,,,,**,*.................,,,,
******,,****,................,,,,
**,,,,****#.......P...#....,,
*****,*,,** #.....P.........P#,
,,,<,,,,,* *#.#...#..........,
*,,,,**,,* ##.##.#....#.......
,,,*,***** #....##............
,,**** #..P###..........P. ,,,*
##@.#*##.PPP.PPP..P ,,,*
********#Yw.###......P...P ,,,*
*,**,,,*.)####..#...P.....
*,,*****,,,,,,....,*#............
*,***,**,,,,*..P#.**##.##....†...
**,,,,***,**####*## ##..#........
,,,,,****####### #...##†††.$..
,*,***,**#P.##.### ##.##........
**,*,,,∩*#..P#..P#####.....†.....


You could see a death yak and a torpor snail.

Vanquished Creatures
  Gastronok (D:11)
  4 hydras
  A catoblepas (Lair:5)
  10 death yaks (Lair:6)
  Nergalle (D:11)
  A hill giant (D:11)
  A cyclops (D:11)
  A siren (Lair:6)
  5 black mambas
  5 elephants (Lair:5)
  4 spiny frogs
  A torpor snail (Lair:7)
  A gargoyle (D:11)
  2 rime drakes
  3 komodo dragons
  A queen bee (Lair:6)
  2 trolls
  17 blink frogs
  Sigmund (D:2)
  A wyvern (Lair:5)
  28 yaks
  A basilisk (Lair:6)
  A steam dragon (D:9)
  5 hungry ghosts
  4 hippogriffs
  3 nagas (Lair:3)
  10 water moccasins
  7 porcupines
  6 orc warriors
  4 sky beasts
  3 ice beasts
  A wasp (Lair:4)
  2 phantoms
  A black bear (D:6)
  12 ogres
  A centaur (D:8)
  13 crocodiles
  5 wolves (Lair:2)
  4 big kobolds
  An elf zombie (Ossuary)
  17 giant frogs
  A gnoll sergeant (D:10)
  3 scorpions
  A water moccasin skeleton (D:5)
  22 killer bees
  2 howler monkeys (D:10)
  4 wights (D:4)
  An electric eel (Lair:3)
  4 crimson imps
  3 centaur zombies
  4 jellies
  2 quasits
  11 orc priests
  Crazy Yiuf (D:3)
  A centaur skeleton (D:4)
  6 hounds
  Jessica (D:2)
  3 giant frog skeletons
  9 iguanas
  13 orc wizards
  9 worker ants
  18 sheep
  A big kobold zombie (Ossuary)
  2 hound zombies
  2 hound skeletons
  3 mummies (Ossuary)
  A howler monkey skeleton (D:9)
  3 gnolls (D:10)
  57 river rats
  17 adders
  2 shadow imps
  An adder skeleton (D:9)
  4 adder zombies (Ossuary)
  4 worms
  8 giant geckos
  42 orcs
  3 ball pythons
  16 giant cockroaches
  3 goblins (D:1)
  2 hobgoblins
  16 jackals
  7 quokkas
  5 bats
  9 giant newts
  A goblin zombie (Ossuary)
  A hobgoblin zombie (Ossuary)
  6 jackal zombies (Ossuary)
  31 kobolds
  4 kobold zombies (Ossuary)
  2 orc zombies (Ossuary)
  5 quokka zombies (Ossuary)
  11 rats
  7 rat zombies (Ossuary)
  A fungus (D:11)
588 creatures vanquished.

Vanquished Creatures (others)
  A worm (D:4)
  6 fungi
  3 plants
10 creatures vanquished.

Grand Total: 598 creatures vanquished

Notes
Turn   | Place    | Note
--------------------------------------------------------------
     0 | D:1      | Kloppie the Gargoyle Berserker began the quest for the Orb.
     0 | D:1      | Reached XP level 1. HP: 14/14 MP: 1/1
    84 | D:1      | Reached XP level 2. HP: 11/19 MP: 2/2
   385 | D:2      | Reached XP level 3. HP: 20/24 MP: 3/3
   412 | D:2      | Found a snail-covered altar of Cheibriados.
   441 | D:2      | Reached ** piety under Trog
   613 | D:2      | Noticed Sigmund
   635 | D:2      | Killed Sigmund
   635 | D:2      | Reached skill level 5 in Fighting
   635 | D:2      | Reached skill level 4 in Maces & Flails
   635 | D:2      | Reached XP level 4. HP: 28/31 MP: 4/4
   635 | D:2      | Reached XP level 5. HP: 32/35 MP: 5/5
  1066 | D:2      | Found a sacrificial altar of Ru.
  1190 | D:2      | Noticed Jessica
  1197 | D:2      | Killed Jessica
  1197 | D:2      | Reached XP level 6. HP: 39/40 MP: 6/6
  1496 | D:3      | Found a radiant altar of Vehumet.
  1526 | D:3      | Reached *** piety under Trog
  1815 | D:3      | Reached XP level 7. HP: 30/45 MP: 7/7
  2052 | D:3      | Noticed Crazy Yiuf
  2058 | D:3      | Killed Crazy Yiuf
  2242 | D:4      | Reached skill level 5 in Maces & Flails
  2242 | D:4      | Reached skill level 5 in Armour
  2621 | D:4      | Reached XP level 8. HP: 50/52 MP: 8/8
  2690 | D:4      | Found an ancient bone altar of Kikubaaqudgha.
  2700 | D:4      | Reached skill level 6 in Maces & Flails
  2716 | D:4      | Got a dazzling hunting sling
  3014 | D:4      | Reached **** piety under Trog
  3331 | D:5      | Entered Level 5 of the Dungeon
  3461 | D:5      | Found a shimmering altar of Xom.
  3464 | D:5      | Found a basalt altar of Yredelemnul.
  3467 | D:5      | Found an iron altar of Okawaru.
  3549 | D:5      | Found a staircase to the Ecumenical Temple.
  3551 | D:5      | Got a faintly glowing whip
  3552 | D:5      | Identified the +7 whip of the Yoke {drain, -Tele rF+++ MP+9 Int+2} (You found it on level 5 of the Dungeon)
  3678 | D:5      | Found a sand-covered staircase.
  3710 | Ossuary  | Entered an ossuary
  3749 | Ossuary  | Reached skill level 7 in Maces & Flails
  3749 | Ossuary  | Reached XP level 9. HP: 54/59 MP: 9/9
  4256 | D:5      | Found a blossoming altar of Fedhas.
  4747 | D:6      | Found a glowing drain.
  4773 | Sewer    | Entered a sewer
  4787 | Sewer    | Reached ***** piety under Trog
  4867 | Sewer    | Received a gift from Trog
  5402 | D:6      | Reached skill level 8 in Maces & Flails
  5641 | D:6      | Identified a scroll of acquirement
  5945 | D:7      | Reached XP level 10. HP: 66/66 MP: 10/10
  6160 | D:7      | Received a gift from Trog
  6995 | D:9      | Reached skill level 10 in Fighting
  7053 | D:9      | Reached skill level 9 in Maces & Flails
  7743 | D:10     | Entered Level 10 of the Dungeon
  7828 | D:10     | Reached skill level 10 in Armour
  8062 | D:10     | Reached XP level 11. HP: 53/73 MP: 11/11
  8069 | D:10     | Reached skill level 10 in Maces & Flails
  8605 | D:11     | Received a gift from Trog
  8640 | D:11     | Got a smoking leather armour
  8651 | D:11     | Identified the +1 leather armour of the Thirteen Lives {*Drain Int+10} (You found it on level 11 of the Dungeon)
  8673 | D:11     | Found a staircase to the Lair.
  8680 | D:11     | Noticed Nergalle
  8702 | D:11     | Killed Nergalle
  8755 | D:11     | Noticed Gastronok
  8803 | D:11     | Killed Gastronok
  9126 | D:11     | Noticed a cyclops
  9142 | D:11     | Killed a cyclops
  9266 | D:11     | Noticed a hill giant
  9282 | D:11     | Killed a hill giant
  9520 | D:11     | Reached skill level 11 in Maces & Flails
  9542 | Lair:1   | Entered Level 1 of the Lair of Beasts
  9913 | Lair:1   | Received a gift from Trog
 10652 | Lair:2   | Reached XP level 12. HP: 81/81 MP: 12/12
 11177 | Lair:3   | Noticed an eight-headed hydra
 11187 | Lair:3   | Killed an eight-headed hydra
 11324 | Lair:3   | Reached skill level 13 in Maces & Flails
 11324 | Lair:3   | Reached XP level 13. HP: 85/87 MP: 13/13
 11446 | Lair:3   | Found a staircase to the Snake Pit.
 11868 | Lair:4   | Reached skill level 14 in Maces & Flails
 12989 | Lair:5   | Reached ****** piety under Trog
 13479 | Lair:5   | Gained mutation: Your large and strong wings let you fly indefinitely. [Gargoyle growth]
 13479 | Lair:5   | Reached XP level 14. HP: 57/95 MP: 14/14
 13906 | Lair:6   | Received a gift from Trog
 13979 | Lair:6   | Reached skill level 15 in Maces & Flails
 14068 | Lair:6   | Gained mutation: You possess an exceptional clarity of mind. [potion of beneficial mutation]
 14609 | Lair:6   | Found a staircase to the Shoals.
 14836 | Lair:7   | Slain by a death yak

Skill      XL: |  1  2  3  4  5  6  7  8  9 10 11 12 13 14 |
---------------+-------------------------------------------+-----
Fighting       | 4 5 6 7 9 10 12 13 14 | 14.5
Maces & Flails | 4 5 7 8 9 11 13 14 15 | 15.5
Armour         | 3 4 5 7 9 10 11 12 13 14 | 14.2
Dodging        | |  1.5

Action                   |  1- 3 |  4- 6 |  7- 9 | 10-12 | 13-15 || total
-------------------------+-------+-------+-------+-------+-------++-------
Melee: Mace              |   106 |   135 |   112 |       |       ||   353
       Flail             |       |       |   146 |       |       ||   146
       Whip              |       |       |   370 |   690 |   430 ||  1490
       Dire flail        |       |       |       |       |   437 ||   437
       Morningstar       |       |       |       |       |    31 ||    31
Invok: Berserk           |     1 |     2 |     2 |     5 |     3 ||    13
       Trog's Hand       |       |       |       |     1 |     3 ||     4
  Use: Scroll            |       |       |    17 |     7 |     5 ||    29
       Potion            |       |       |       |     1 |     1 ||     2
  Eat: Chunk             |       |     5 |    18 |    40 |    16 ||    79
       Beef jerky        |       |       |       |     2 |       ||     2
Armor: Animal skin       |     5 |       |       |       |       ||     5
       Scale mail        |    85 |    68 |       |       |       ||   153
       Chain mail        |       |    12 |   365 |   193 |   398 ||   968
       Plate armour      |       |       |       |   166 |   229 ||   395
Dodge: Dodged            |    90 |   100 |   211 |   203 |   348 ||   952
